 Dungeon Crawl Stone Soup version 0.28.0 (webtiles) character file.

Game seed: 15613740691602182166

236 mopl the Chopper (level 5, -1/70 HPs)
             Began as a Minotaur Berserker on Feb 14, 2022.
             Was a Priest of Trog.
             Succumbed to a scorpion's poison
             ... in an ossuary.
             The game lasted 00:02:58 (2517 turns).

mopl the Chopper (Minotaur Berserker)               Turns: 2517, Time: 00:02:59

Health: -1/70      AC: 11    Str: 21    XL:     5   Next: 77%
Magic:  4/4        EV: 11    Int:  4    God:    Trog [***...]
Gold:   102        SH:  0    Dex: 12    Spells: 4/4 levels left

rFire   . . .      SeeInvis .   a - +0 war axe
rCold   . . .      Faith    .   (no shield)
rNeg    . . .      Spirit   .   m - +0 plate armour
rPois   .          Reflect  .   (helmet restricted)
rElec   .          Harm     .   (no cloak)
rCorr   .          Rampage  .   (no gloves)
Will    .....                   (no boots)
Stlth   ..........              (no amulet)
HPRegen 0.21/turn               e - +4 ring of evasion
MPRegen 0.09/turn               (no ring)

@: berserking (expiring), lethally poisoned (-1 -> -15), very quick
A: horns 2, retaliatory headbutt
a: Renounce Religion, Berserk, Trog's Hand


You were in an ossuary.
You worshipped Trog.
Trog was most pleased with you.
You visited 1 branch of the dungeon, and saw 4 of its levels.
You also visited: Ossuary.

You collected 102 gold pieces.

Inventory:

Hand Weapons
 a - a +0 war axe (weapon)
 g - a +0 flail
 l - a +2 vorpal spear
Missiles
 c - 3 poisoned darts (quivered)
 d - 5 atropa-tipped darts
 u - 4 boomerangs
Armour
 m - a +0 plate armour (worn)
Jewellery
 e - a +4 ring of evasion (left hand)
 i - a ring of willpower
 q - a ring of see invisible
Wands
 n - a wand of acid (11)
Scrolls
 b - 4 scrolls of enchant armour {unknown}
 h - a scroll of holy word {unknown}
 j - 2 scrolls of fog {unknown}
 k - a scroll of magic mapping {unknown}
 o - 2 scrolls of identify {unknown}
 p - a scroll of enchant weapon {unknown}
 r - 2 scrolls of immolation {unknown}
 s - a scroll of amnesia {unknown}
 v - a scroll of silence {unknown}
Potions
 f - a potion of brilliance {unknown}
 t - a potion of curing {unknown}


   Skills:
 + Level 4.7 Fighting
 * Level 5.7 Axes
 + Level 3.9 Armour
 + Level 3.5 Dodging


You had 4 spell levels left.
You didn't know any spells.
Your spell library was empty.

Dungeon Overview and Level Annotations

Branches:
Dungeon (4/15)            Ossuary (1/1)
 Temple: D:4-7

Altars:


Innate Abilities, Weirdness & Mutations

You have a pair of horns on your head.
You reflexively headbutt those who attack you in melee.


Message History

You feel very sick.
The scorpion stings you but does no damage.
You hit the scorpion.
The scorpion is severely wounded.
You feel sick. The scorpion stings you.
You are more poisoned.
The scorpion poisons you! The scorpion closely misses you.
You hit the scorpion but do no damage. You headbutt the scorpion.
The scorpion is severely wounded.
You feel very sick. The scorpion stings you.
You are lethally poisoned!
The scorpion poisons you!
You hit the scorpion.
The scorpion is almost dead.
You feel extremely sick.
The scorpion stings you but does no damage.
The scorpion stings you.
* * * LOW HITPOINT WARNING * * *
You are more poisoned.
The scorpion poisons you!
A red film seems to cover your vision as you go berserk!
You feel yourself moving faster!
You feel mighty!
* * * LOW HITPOINT WARNING * * *
You feel extremely sick. The scorpion stings you.
* * * LOW HITPOINT WARNING * * *
You barely miss the scorpion. You headbutt the scorpion.
You kill the scorpion!
Trog accepts your kill.
* * * LOW HITPOINT WARNING * * *
You feel very sick.
* * * LOW HITPOINT WARNING * * *
You feel very sick.
You feel a strong urge to attack something.
* * * LOW HITPOINT WARNING * * *
You feel sick.
You are too berserk!
Okay, then.
You die...

######### #...#...#
+...8...# #.......#
##############8...8##
#...#...#...#.......#
#.∩.'...8...#.@.8...#
#...#.......#...#...#
##'###8...8###'######
#...#.......#...#M?.#
#.∩.#...8...'...#..!+
#...#...#...#...#?!?#
#####################


There were no monsters in sight!

Vanquished Creatures
  A scorpion (Ossuary)
  An orc priest (D:3)
  A scorpion zombie (Ossuary)
  Robin (D:2)
  An adder (D:3)
  An ufetubus (D:4)
  An adder skeleton (D:2)
  An adder zombie (D:2)
  2 dart slugs
  4 orcs (D:3)
  4 ball pythons
  A bat zombie (D:2)
  6 endoplasms
  4 giant cockroaches
  13 hobgoblins
  4 kobolds
  2 quokkas
  A ball python skeleton (D:2)
  A ball python zombie (D:2)
  A bat (D:3)
  5 frilled lizards
  15 goblins
  A hobgoblin zombie (Ossuary)
  A kobold zombie (Ossuary)
  A quokka skeleton (D:2)
  6 rats
80 creatures vanquished.

Vanquished Creatures (others)
  2 withered plants (D:2)
2 creatures vanquished.

Grand Total: 82 creatures vanquished

Notes
Turn   | Place    | Note
-------+----------+-------------------------------------------
     0 | D:1      | mopl the Minotaur Berserker began the quest for the Orb.
     0 | D:1      | Reached XP level 1. HP: 19/19 MP: 0/0
   191 | D:1      | Reached XP level 2. HP: 23/27 MP: 1/1
   205 | D:1      | Reached skill level 4 in Axes
   465 | D:1      | Reached ** piety under Trog
   943 | D:2      | Reached XP level 3. HP: 32/33 MP: 2/2
   966 | D:2      | Reached skill level 4 in Fighting
  1120 | D:2      | Reached skill level 3 in Armour
  1141 | D:2      | Noticed Robin
  1159 | D:2      | Killed Robin
  1274 | D:2      | Reached XP level 4. HP: 39/40 MP: 3/3
  1640 | D:3      | Reached skill level 3 in Dodging
  1686 | D:3      | Reached skill level 5 in Axes
  1952 | D:3      | Reached *** piety under Trog
  1979 | D:3      | Reached XP level 5. HP: 45/47 MP: 4/4
  2399 | D:4      | Noticed a lemure
  2468 | D:4      | Found a sand-covered staircase.
  2478 | Ossuary  | Entered an ossuary
  2515 | Ossuary  | HP: 2/70 [poisoned by a scorpion]
  2517 | Ossuary  | Succumbed to a scorpion's poison

Illustrated notes

Levels and vault maps discovered:
D:1:      moated_graveyard_arrival, layout_basic, grunt_decor_fettered
D:2:      layout_loops_ring, serial_undead, serial_undead_e, serial_undead_b,
          serial_undead_a, serial_undead_d, serial_undead_e, serial_undead_f,
          uniq_robin
D:3:      layout_loops_ring
D:4:      layout_loops_ring, minmay_temple_entry_arrows,
          nicolae_ossuary_entry_monument, uniq_pikel
Ossuary:  ossuary_minmay_scorpions

Skill      XL: |  1  2  3  4 |
---------------+-------------+-----
Axes           | 4 5 |  5.7
Fighting       | 4 |  4.7
Armour         | 3 |  3.9
Dodging        | 3 |  3.5

Action                   |  1- 3 |  4- 6 || total
-------------------------+-------+-------++-------
Melee: Hand axe          |    98 |    29 ||   127
       Headbutt          |     7 |    11 ||    18
       Punch             |     1 |       ||     1
       War axe           |       |    48 ||    48
Invok: Berserk           |     1 |     2 ||     3
 Stab: Sleeping          |     1 |       ||     1
Armor: Animal skin       |    12 |       ||    12
       Plate armour      |       |    43 ||    43
Dodge: Dodged            |    62 |    43 ||   105
